 Dungeon Crawl Stone Soup version 0.29.1-2-gbd0b4ee654 (webtiles) character file.

Game seed: 14274432814086941941

117 Bloodgem the Shield-Bearer (level 4, -10/41 HPs)
             Began as a Minotaur Fighter on Oct 24, 2022.
             Mangled by a gnoll
             ... wielding a +0 flail of distortion
              (22 damage)
             ... on level 2 of the Dungeon.
             The game lasted 00:02:08 (1768 turns).

Bloodgem the Shield-Bearer (Minotaur Fighter)       Turns: 1768, Time: 00:02:11

Health: -10/41     AC:  7    Str: 22    XL:     4   Next: 71%
Magic:  3/3        EV:  9    Int:  5    God:
Gold:   77         SH:  4    Dex: 10    Spells: 3/3 levels left

rFire   + . .      SeeInvis .   a - +0 war axe
rCold   + . .      Faith    .   c - +0 buckler
rNeg    . . .      Spirit   .   b - +0 scale mail
rPois   .          Reflect  .   (helmet restricted)
rElec   .          Harm     .   j - scarf {rC+ rF+}
rCorr   .          Rampage  .   (no gloves)
Will    .....                   (no boots)
Stlth   ..........              (no amulet)
HPRegen 0.13/turn               (no ring)
MPRegen 0.08/turn               (no ring)

@: no status effects
A: horns 2, retaliatory headbutt
a: no special abilities


You were on level 2 of the Dungeon.
You visited 1 branch of the dungeon, and saw 2 of its levels.

You collected 77 gold pieces.

Inventory:

Hand Weapons
 a - a +0 war axe (weapon)
Armour
 b - a +0 scale mail (worn)
 c - a +0 buckler (worn)
 j - a scarf of resistance (worn)
Jewellery
 i - a +4 ring of protection
Scrolls
 e - a scroll of blinking {unknown}
 f - a scroll of enchant armour {unknown}
 m - 3 scrolls of enchant weapon {unknown}
 p - a scroll of vulnerability {unknown}
Potions
 d - 2 potions of might
 g - a potion of brilliance {unknown}
 h - a potion of invisibility {unknown}
 k - a potion of lignification {unknown}
 l - a potion of resistance {unknown}
 n - a potion of degeneration {unknown}
 o - a potion of mutation {unknown}


   Skills:
 + Level 4.5 Fighting
 + Level 3.7 Axes
 + Level 4.5 Armour
 + Level 4.5 Shields


You had 3 spell levels left.
You didn't know any spells.
Your spell library contained the following spells:

 Spells                   Type           Power      Damage    Failure   Level
 Conjure Flame            Conj/Fire      0%         6-21      99%         3
 Ignite Poison            Fire/Tmut/Pois 0%         N/A       99%         3
 Cause Fear               Hex            0%         N/A       100%        4
 Sticky Flame             Conj/Fire      0%         2d3       100%        4
 Dragon Form              Tmut           0%         N/A       100%        7
 Dragon's Call            Summ           0%         N/A       100%        9


Dungeon Overview and Level Annotations

Branches:
Dungeon (2/15)

Altars:


Innate Abilities, Weirdness & Mutations

You have a pair of horns on your head.
You reflexively headbutt those who attack you in melee.


Message History

The gnoll shouts! x2
A kobold comes into view. It is wielding a +0 whip.
There is a stone staircase leading down here.
The kobold shouts!
The gnoll hits you with a +0 halberd.
You hit the gnoll.
The gnoll is moderately wounded.
The gnoll closely misses you.
You barely miss the gnoll. You headbutt the gnoll!
The gnoll is almost dead.
You hit the gnoll but do no damage. You block the gnoll's attack.
The gnoll hits you with a +0 halberd!
You barely miss the gnoll. You headbutt the gnoll.
You kill the gnoll!
You barely miss the gnoll. The gnoll hits you with a +0 whip.
You hit the gnoll. Your headbutt misses the gnoll.
The gnoll is moderately wounded.
You barely miss the kobold. The kobold hits you but does no damage.
You block the gnoll's attack.
You slash the gnoll!
You kill the gnoll!
You hit the kobold.
You kill the kobold!
You completely miss the gnoll. You block the gnoll's attack.
The gnoll misses you.
You barely miss the gnoll.
You headbutt the gnoll, but do no damage.
The gnoll hits you with a +0 flail of distortion!
Space warps horribly around you!
You are too injured to fight recklessly!
You are too injured to fight recklessly!
You are too injured to fight recklessly!
You are too injured to fight recklessly!
You hit the gnoll.
The gnoll is moderately wounded.
The gnoll hits you with a +0 flail of distortion.
* * * LOW HITPOINT WARNING * * *
Space warps horribly around you!!
Ouch! That really hurt!
You die...

######### #........
#........ #........
#........ ##))......
###### #.@)......
.....#########>.g......
.......................
#.............##........
#..........#.#######.###
...#.#..####.# .#
.......##....# #
..#.....#.#### ##
.#..###....# #.


You could see a gnoll.

Vanquished Creatures
  3 gnolls
  4 adders (D:2)
  3 dart slugs (D:1)
  2 bats
  4 endoplasms
  4 goblins
  2 hobgoblins (D:1)
  3 jackals (D:2)
  5 quokkas
  5 ball pythons
  7 frilled lizards
  3 kobolds
  2 rats (D:1)
47 creatures vanquished.

Notes
Turn   | Place    | Note
-------+----------+-------------------------------------------
     0 | D:1      | Bloodgem the Minotaur Fighter began the quest for the Orb.
     0 | D:1      | Reached XP level 1. HP: 19/19 MP: 0/0
   138 | D:1      | Reached XP level 2. HP: 27/27 MP: 1/1
   390 | D:1      | Reached XP level 3. HP: 33/33 MP: 2/2
  1203 | D:2      | Reached XP level 4. HP: 22/40 MP: 3/3
  1589 | D:2      | Found a faded altar of an unknown god.
  1768 | D:2      | Mangled by a gnoll

Illustrated notes

Levels and vault maps discovered:
D:1:      mrwooster_arrival_statue_3, layout_loops_ring
D:2:      layout_rooms, basic_ecumenical_altar

Skill      XL: |  1  2 |
---------------+-------+-----
Fighting       | 4 |  4.5
Armour         | 4 |  4.5
Shields        | 4 |  4.5
Axes           | 3 |  3.7

Action                   |  1- 3 |  4- 6 || total
-------------------------+-------+-------++-------
Melee: War axe           |    74 |    26 ||   100
       Headbutt          |     8 |     4 ||    12
Armor: Scale mail        |    41 |    14 ||    55
Dodge: Dodged            |    33 |     9 ||    42
Block: Buckler           |    16 |     4 ||    20
